 Dungeon Crawl Stone Soup version 0.29.1-12-g30fa7ad0bf (webtiles) character file.

Game seed: 3519279842770983022

404 112233 the Thaumaturge (level 6, -3/41 HPs)
             Began as a Mummy Fire Elementalist on Dec 17, 2022.
             Slain by an iguana (6 damage)
             ... on level 5 of the Dungeon.
             The game lasted 00:03:23 (5526 turns).

112233 the Thaumaturge (Mummy Fire Elementalist)    Turns: 5526, Time: 00:03:24

Health: -3/41      AC:  3    Str: 11    XL:     6   Next: 56%
Magic:  12/17      EV: 12    Int: 17    God:
Gold:   184        SH:  0    Dex: 12    Spells: 11/21 levels left

rFire   x . .      SeeInvis .   f - +2 dagger (elec)
rCold   + + .      Faith    .   (no shield)
rNeg    + + +      Spirit   .   a - +1 robe
rPois   ∞          Reflect  .   (no helmet)
rElec   .          Harm     .   (no cloak)
rCorr   .          Rampage  .   (no gloves)
Will    .....                   (no boots)
Stlth   ++........              (no amulet)
HPRegen 0.13/turn               j - ring of protection from cold
MPRegen 0.15/turn               (no ring)

@: no status effects
A: cold resistance 1, negative energy resistance 3, torment resistance 2, heat
vulnerability 1, in touch with death 1, no potions
a: no special abilities


You were on level 5 of the Dungeon.
You visited 1 branch of the dungeon, and saw 5 of its levels.

You collected 208 gold pieces.
You spent 24 gold pieces at shops.

Inventory:

Hand Weapons
 c - a +0 whip
 f - a +2 dagger of electrocution (weapon)
Missiles
 n - 3 atropa-tipped darts
Armour
 a - a +1 robe (worn)
Jewellery
 j - a ring of protection from cold (left hand)
 m - an amulet of regeneration
Scrolls
 b - a scroll of vulnerability
 e - a scroll of poison {unknown}
 g - a scroll of immolation {unknown}
 h - 3 scrolls of magic mapping
 i - a scroll of teleportation {unknown}
 k - a scroll of amnesia {unknown}
 l - 2 scrolls of fear {unknown}


   Skills:
 - Level 1.9 Dodging
 - Level 1.9 Stealth
 + Level 8.1 Spellcasting
 - Level 1.1 Conjurations
 - Level 2.6 Fire Magic


You had 11 spell levels left.
You knew the following spells:

 Your Spells              Type           Power      Damage    Failure   Level
a - Foxfire               Conj/Fire      52%        2x1d6     4%          1
b - Scorch                Fire           30%        2d7       5%          2
c - Inner Flame           Hex/Fire       11%        N/A       19%         3
d - Flame Wave            Conj/Fire      13%        2d6       43%         4

Your spell library contained the following spells:

 Spells                   Type           Power      Damage    Failure   Level
 Necrotise                Necr           40%        1d6       11%         1
 Conjure Flame            Conj/Fire      13%        6-21      14%         3
 Portal Projectile        Hex/Tloc       12%        N/A       30%         3
 Tukima's Dance           Hex            6%         N/A       30%         3
 Vampiric Draining        Necr           10%        2d6       30%         3
 Agony                    Necr           10%        N/A       96%         5
 Conjure Ball Lightning   Conj/Air       4%         3x3d6     100%        6
 Discord                  Hex            3%         N/A       100%        8
 Disjunction              Tloc           3%         N/A       100%        8
 Blade Hands              Tmut           Unusable   N/A       N/A         5

Dungeon Overview and Level Annotations

Branches:
Dungeon (5/15)
 Temple: D:4-7

Altars:
Hepliaklqana
Makhleb

Shops:
D:2 ?


Innate Abilities, Weirdness & Mutations

You are immune to poison.
Your flesh is cold resistant. (rC+)
You are immune to negative energy. (rN+++)
You are immune to unholy pain and torment.
You are vulnerable to heat. (rF-)
You are in touch with the powers of death.
You do not drink.


Message History

The foxfire hits the iguana.
The iguana is lightly wounded.
The iguana hisses angrily.
Casting: Foxfire (safe; 4% risk of failure)
Confirm with . or Enter, or press ? or * to list all spells.
You conjure some foxfire!
The foxfire hits the iguana.
The iguana is lightly wounded.
The iguana bites you!
Casting: Foxfire (safe; 4% risk of failure)
Confirm with . or Enter, or press ? or * to list all spells.
Flames lash the iguana.
The iguana is heavily wounded.
The iguana's fire resistance burns away.
The iguana bites you!
Your foxfire dissipates!
A necrophage comes into view.
The iguana barely misses you.
Casting: Scorch (safe; 5% risk of failure)
Confirm with . or Enter, or press ? or * to list all spells.
Flames lash the necrophage.
The necrophage is lightly damaged.
The necrophage's fire resistance burns away.
The iguana closely misses you. The iguana bites you!
* * * LOW HITPOINT WARNING * * *
Unknown command.
The iguana attacks as you move away! The iguana misses you.
The iguana is no longer more vulnerable to fire.
You can't drink.
As you read the scroll labelled NOCUDA YMEAW, it crumbles to dust.
It is a scroll of enchant armour.
Your +0 robe glows green for a moment.
The iguana bites you.
* * * LOW HITPOINT WARNING * * *
As you read the scroll labelled XUPE HALEUKA, it crumbles to dust.
You feel aware of your surroundings.
You sensed 2 altars.
It was a scroll of magic mapping.
The necrophage is no longer more vulnerable to fire.
The iguana bites you.
You die...

*,,,,,,,*,,##** ##....###..#.#...
,,,,,,,,,*,...#*#...#####.##.##..
,,,,,,,,,***#..*#.#.####..##.##..
,,,,,,,,,* *#.##.#.##...###.##..
,,,,,,,,,**###<.#......####..##..
,,,,,,,,,*,.........#### #..###..
*,,,,,,,**,*####..(.# ##.##....
**,,,,,***,* #....# ##.....###
********,,*** #@..## *#.....##
*,,,,**#l###* #.......#
***#....n...# #.......#
#####....# #.......# #....#
##.....## ###### *#.....#*
*.......* #.......* *,,,,,,<*


You could see a necrophage and an iguana.

Vanquished Creatures
  A black bear (D:4)
  An ice beast (D:5)
  A necrophage (D:4)
  5 adders
  2 ufetubi
  5 worms
  4 dart slugs
  An orc (D:4)
  2 bats (D:1)
  8 endoplasms
  5 giant cockroaches
  5 goblins
  4 hobgoblins
  7 jackals
  7 quokkas
  6 ball pythons
  2 frilled lizards
  9 kobolds
  4 rats
79 creatures vanquished.

Vanquished Creatures (others)
  284 foxfires
284 creatures vanquished.

Grand Total: 363 creatures vanquished

Notes
Turn   | Place    | Note
-------+----------+-------------------------------------------
     0 | D:1      | 112233 the Mummy Fire Elementalist began the quest for the
                  | Orb.
     0 | D:1      | Reached XP level 1. HP: 13/13 MP: 4/4
   225 | D:1      | Reached skill level 1 in Conjurations
   317 | D:1      | Reached XP level 2. HP: 19/19 MP: 2/5
   887 | D:1      | Reached skill level 3 in Spellcasting
   966 | D:1      | Learned a level 2 spell: Scorch
  1448 | D:1      | Gained mutation: You are in touch with the powers of death.
                  | [Mummy growth]
  1448 | D:1      | Reached XP level 3. HP: 24/24 MP: 1/7
  2294 | D:2      | Reached skill level 4 in Spellcasting
  2532 | D:2      | Reached XP level 4. HP: 30/30 MP: 2/10
  2690 | D:2      | Found a faded altar of an unknown god.
  2756 | D:2      | Found Qeraix's Magic Scroll Boutique.
  2767 | D:2      | Bought a scroll of identify for 24 gold pieces
  3071 | D:2      | Reached skill level 5 in Spellcasting
  3547 | D:3      | Found a hazy altar of Hepliaklqana.
  3687 | D:3      | Found a burning altar of Makhleb.
  4604 | D:4      | Reached XP level 5. HP: 35/35 MP: 10/13
  4657 | D:4      | Learned a level 3 spell: Inner Flame
  4662 | D:4      | Learned a level 4 spell: Flame Wave
  4677 | D:4      | Reached skill level 6 in Spellcasting
  4800 | D:4      | Found a glowing drain.
  4952 | D:4      | Noticed a black bear
  4961 | D:4      | Killed a black bear
  4962 | D:4      | Reached skill level 7 in Spellcasting
  4962 | D:4      | Reached XP level 6. HP: 25/41 MP: 9/16
  5346 | D:5      | Entered Level 5 of the Dungeon
  5346 | D:5      | Noticed an ice beast
  5355 | D:5      | Killed an ice beast
  5356 | D:5      | Reached skill level 8 in Spellcasting
  5526 | D:5      | Slain by an iguana

Illustrated notes

Levels and vault maps discovered:
D:1:      dpeg_arrival_stone_temple_mockup, layout_basic,
          chequers_serial_rivers_micro_c
D:2:      layout_loops_ring, dreamdust_ecumenical_altar_statues, serial_shops,
          shop
D:3:      layout_basic, mainiacjoe_overflow_catch_the_wave, glass_columns_a,
          hangedman_decor_points
D:4:      layout_cave_pools, portal_sewer_entry_f
D:5:      layout_rooms, gammafunk_temple_overflow_pools,
          nicolae_elevator_lobby_asterisk

Skill      XL: |  1  2  3  4  5  6 |
---------------+-------------------+-----
Conjurations   | 1 |  1.1
Spellcasting   | 3 4 5 7 8 |  8.1
Dodging        | |  1.9
Stealth        | |  1.9
Fire Magic     | |  2.6

Action                   |  1- 3 |  4- 6 || total
-------------------------+-------+-------++-------
Melee: Whip              |    16 |       ||    16
       Unarmed           |     2 |       ||     2
       Dagger            |     6 |       ||     6
 Cast: Foxfire           |    76 |   104 ||   180
       Scorch            |    10 |    15 ||    25
  Use: Scroll            |       |     3 ||     3
Armor: Robe              |    10 |     1 ||    11
Dodge: Dodged            |    53 |    13 ||    66
